Map: Kosmiczny Szafir

Players

SilverFox

  • Race: Protoss Protoss
  • League: Silver
  • Spawn Location: 5:00

NorinRad - Winner!

  • Race: Terran Terran
  • League: Silver
  • Spawn Location: 11:00

VOD

Have the link to the VOD?

Description

Hey PIG I'm a fan of your saltmines series and I have here a good one. Hope you like it, if I can ask for your commentary on my play as wel, just started, silver for now.

Time

  • Played on: Nov. 8, 2022, 1:47 p.m.
  • Length: 15:57
Show
View Real Time Build Order
Export as new Build Order

SilverFox Protoss 

Build Orders:  

Get SALT Encoding   

  12  0:08  Probe  
  13  0:17  Pylon  
  13  0:24  Probe  
  14  0:36  Probe  
  15  0:46  Forge  
  15  0:56  Gateway  
  15  1:13  Pylon  
  15  1:37  Photon Cannon  
  15  1:38  Assimilator  
  15  1:39  Photon Cannon  
  15  1:44  Assimilator  
  15  1:49  Cybernetics Core  
  15  1:53  Zealot  
  17  2:33  Pylon  
  16  2:54  Warp Gate (Chrono Boost)  
  16  3:01  Stalker  
  18  3:12  Shield Battery  
  18  3:14  Gateway  
  18  3:17  Pylon  
  16  3:56  Probe  
  16  4:01  Stalker x2  
  21  4:09  Probe  
  22  4:21  Probe  
  23  4:26  Twilight Council  
  23  4:33  Probe  
  23  4:35  Gateway  
  20  5:20  Dark Shrine  
  18  5:43  Pylon  
  18  5:55  Pylon  
  18  5:56  Nexus  
  18  5:57  Zealot  
  18  5:59  Assimilator  
  18  6:02  Assimilator  
  20  6:08  Adept  
  22  6:17  Adept  
  24  6:20  Probe  
  25  6:36  Dark Templar  
  27  6:43  Dark Templar  
  23  7:21  Zealot x3  
  29  7:48  Sentry x3  
  33  8:47  Probe (Chrono Boost)  
  34  8:51  Protoss Ground Weapons Level 1  
  35  8:58  Probe (Chrono Boost)  
  35  8:59  Probe (Chrono Boost)  
  36  9:03  Stalker x3, Probe (Chrono Boost)  
  36  9:06  Probe  
  44  9:14  Probe  
  45  9:18  Probe  
  46  9:26  Probe  
  47  9:37  Stargate  
  47  9:39  Stargate  
  47  9:48  Shield Battery  
  47  9:51  Pylon  
  47  9:57  Pylon  
  47  10:23  Phoenix  
  53  10:28  Void Ray  
  53  10:35  Pylon  
  53  10:41  Pylon  
  53  10:43  Gateway  
  53  10:45  Gateway  
  50  10:57  Robotics Facility  
  50  10:59  Protoss Ground Armor Level 1  
  44  11:27  Photon Cannon  
  44  11:33  Photon Cannon  
  44  11:43  Pylon  
  44  11:44  Observer  
  44  11:46  Pylon  
  45  12:00  Probe (Chrono Boost)  
  46  12:06  Observer  
  47  12:11  Probe (Chrono Boost)  
  48  12:52  Probe  
  48  12:54  Protoss Air Weapons Level 1  
  49  13:04  Probe  
  50  13:08  Protoss Shields Level 1  
  50  13:16  Probe (Chrono Boost)  
  55  13:21  Void Ray  
  55  13:28  Probe (Chrono Boost)  
  56  13:37  Probe (Chrono Boost)  
  57  13:42  Probe  
  58  13:55  Probe  
  59  14:02  Phoenix  
  61  14:07  Probe  
  60  14:19  Probe  
  53  14:26  Photon Cannon  
  53  14:27  Dark Templar x2  
  53  14:28  Dark Templar  
  53  14:31  Probe  
  27  14:56  Dark Templar, Photon Cannon  
  29  15:00  Photon Cannon  
  26  15:22  Dark Templar x2  
Show
View Real Time Build Order
Export as new Build Order

NorinRad Terran - Winner!

Build Orders:  

Get SALT Encoding   

  12  0:02  SCV  
  13  0:19  Supply Depot  
  13  0:22  SCV  
  14  0:34  SCV  
  15  0:42  Barracks  
  15  0:47  SCV, Refinery  
  16  0:57  Supply Depot  
  16  1:03  SCV  
  17  1:15  SCV  
  18  1:27  SCV  
  20  1:41  Refinery  
  20  1:44  Barracks Reactor  
  19  1:55  Orbital Command  
  19  2:11  Factory  
  19  2:15  Command Center  
  19  2:20  Marine  
  20  2:23  Marine  
  21  2:57  Factory Tech Lab  
  20  3:33  Siege Tank  
  21  3:45  Supply Depot  
  20  4:23  Barracks  
  20  4:26  Siege Tank  
  20  4:27  Barracks  
  23  4:39  Barracks, SCV  
  24  4:49  SCV  
  24  4:51  SCV  
  25  5:01  SCV  
  25  5:03  SCV  
  27  5:11  Siege Tank  
  27  5:13  SCV  
  31  5:14  Barracks Reactor  
  31  5:15  SCV  
  31  5:16  Barracks Tech Lab  
  32  5:25  Refinery  
  32  5:27  Barracks Reactor  
  32  5:28  SCV  
  33  5:33  Barracks  
  33  5:40  SCV  
  33  5:42  Supply Depot, Stimpack  
  34  5:51  SCV  
  34  5:52  SCV  
  34  5:54  Marine  
  34  5:55  Marine  
  38  6:03  SCV  
  38  6:04  SCV, Marauder  
  42  6:08  Bunker  
  42  6:12  Marine x2  
  42  6:13  Marine x2  
  46  6:21  Refinery  
  46  6:30  Supply Depot  
  46  6:51  SCV, Marine x2, Siege Tank  
  46  6:52  Marauder  
  47  7:03  SCV  
  42  7:13  Marauder  
  44  7:15  SCV  
  44  7:22  Engineering Bay  
  44  7:23  Orbital Command  
  44  7:24  Marine x2  
  44  7:25  Barracks Tech Lab  
  44  7:28  SCV  
  42  7:38  Starport  
  42  7:42  Starport, Marine x3  
  42  7:43  Marine  
  44  7:53  Combat Shield  
  44  7:57  Marine x2  
  46  8:11  Marine  
  46  8:12  Marine x2  
  38  8:13  SCV  
  38  8:15  Marine  
  38  8:16  Marauder  
  37  8:25  SCV  
  35  8:30  Marine  
  32  8:39  SCV  
  25  8:41  Starport Tech Lab x2  
  25  9:00  Supply Depot  
  25  9:01  Supply Depot  
  25  9:04  Supply Depot  
  25  9:07  Missile Turret  
  25  9:09  Cloaking Field  
  25  9:21  Banshee, Marine x2  
  25  9:22  SCV, Banshee  
  34  9:28  Missile Turret  
  34  9:34  SCV  
  35  9:46  Barracks, SCV  
  35  9:49  Marine x3  
  39  9:58  SCV  
  40  10:07  Marine x2  
  40  10:08  Marauder  
  40  10:10  SCV  
  45  10:24  Marine  
  46  10:33  Engineering Bay  
  46  10:58  Marine  
  47  11:25  Marine x2  
  47  11:28  Marauder  
  45  11:40  Barracks Tech Lab  
  45  11:43  Marine x2  
  45  11:44  Terran Infantry Weapons Level 1  
  47  11:59  Supply Depot  
  47  12:17  Command Center  
  47  12:21  Marine x2, Marauder  
  51  12:26  Marine  
  52  12:39  Supply Depot, Marine x2  
  54  12:44  Marine  
  54  12:47  Supply Depot  
  54  12:50  Concussive Shells  
  55  13:01  Marine, Marauder  
  58  13:12  Factory  
  58  13:17  Marine, Marauder  
  58  13:18  Marine  
  62  13:23  Marauder  
  64  13:33  Banshee  
  67  13:34  Banshee  
  70  13:41  Terran Infantry Armor Level 1  
  70  13:44  Marauder  
  71  13:56  Marine x2  
  71  13:57  Marauder  
  75  14:12  Supply Depot  
  75  14:34  Marine, Marauder  
  72  14:48  Marine  
  72  14:49  Marauder  
  72  14:52  Marine  
  76  14:55  Marine  
  77  15:06  Marine  
  78  15:20  Marauder  
  78  15:25  Marauder  
Tags
 
Add a new tag
Caveats
  • Supply blocks, unpowered buildings, or Contaminate may cause inaccurate times.
  • Supply counts are checked every 10 seconds.